 Dungeon Crawl Stone Soup version 0.28-a0-1567-g1695149f81 (webtiles) character file.

Game seed: 6710388193149000949

408 southernslant the Skirmisher (level 6, 0/53 HPs)
             Began as a Draconian Gladiator on Jan 20, 2022.
             Succumbed to a kobold brigand's poison
             ... in a sewer.
             The game lasted 00:07:09 (4000 turns).

southernslant the Skirmisher (Draconian Gladiator)  Turns: 4000, Time: 00:07:10

Health: 0/53       AC:  6    Str: 18    XL:     6   Next: 57%
Magic:  6/6        EV: 28    Int: 15    God:
Gold:   154        SH:  0    Dex: 12    Spells: 5/5 levels left

rFire   . . .      SeeInvis .   a - +0 trident
rCold   . . .      Faith    .   (no shield)
rNeg    . . .      Spirit   .   (armour unavailable)
rPois   .          Reflect  .   b - +0 hat
rElec   .          Harm     .   (no cloak)
rCorr   .          Rampage  .   (no gloves)
Will    .....                   (no boots)
Stlth   +.........              l - amulet of the acrobat
HPRegen 0.17/turn               o - +6 ring of intelligence
MPRegen 0.10/turn               (no ring)

@: mighty, lethally poisoned (0 -> -3), acrobatic, slowed, very slow
A: AC +6, unfitting armour, cold-blooded
a: no special abilities


You were in a sewer.
You visited 1 branch of the dungeon, and saw 4 of its levels.
You also visited: Sewer.

You collected 154 gold pieces.

Inventory:

Hand Weapons
 a - a +0 trident (weapon)
 h - a +0 flail of holy wrath
 r - a +1 vorpal hunting sling
Missiles
 c - a throwing net
 j - 38 stones
 w - 3 poisoned darts (quivered)
Armour
 b - a +0 hat (worn)
Jewellery
 l - an amulet of the acrobat (around neck)
 o - a +6 ring of intelligence (left hand)
Wands
 s - a wand of paralysis (9)
Scrolls
 d - 3 scrolls of acquirement {unknown}
 e - 3 scrolls of identify {unknown}
 g - a scroll of immolation {unknown}
 i - 4 scrolls of silence {unknown}
 k - 2 scrolls of torment {unknown}
 p - a scroll of blinking {unknown}
 t - a scroll of fog {unknown}
 x - a scroll of enchant armour {unknown}
 y - a scroll of summoning {unknown}
Potions
 f - a potion of might
 m - a potion of haste {unknown}
 n - a potion of degeneration {unknown}
 q - 2 potions of attraction {unknown}
 u - a potion of flight {unknown}
 v - 2 potions of cancellation {unknown}


   Skills:
 * Level 4.7 Fighting
 + Level 4.1 Polearms
 + Level 3.0 Throwing
 * Level 4.5 Dodging


You had 5 spell levels left.
You didn't know any spells.
Your spell library was empty.

Dungeon Overview and Level Annotations

Branches:
Dungeon (4/15)              Sewer (1/1)
 Temple: D:4-7

Altars:

Shops:
D:1 [


Innate Abilities, Weirdness & Mutations

Your plain brown scales are hard. (AC +6)
You cannot fit into any form of body armour.
You are cold-blooded and may be slowed by cold attacks.


Message History

You kill the endoplasm!
You feel sick.
The kobold brigand throws a poisoned dart.
The poisoned dart hits you!
You are more poisoned.
Throw: 4 darts (poison)
Press: ? - help, Q - select action, (/) - cycle Shift-Dir - straight line, f/p - kobold brigand
Aim: a kobold brigand, wielding a +0 whip and quivering poisoned darts (moderately wounded, 53% to hit)
You throw a poisoned dart.
The poisoned dart hits the kobold brigand.
The kobold brigand is poisoned.
The kobold brigand is moderately wounded.
You hear a splash.
* * * LOW HITPOINT WARNING * * *
You feel very sick. The kobold brigand closely misses you.
Okay, then.
You hit the kobold brigand.
The kobold brigand is heavily wounded.
* * * LOW HITPOINT WARNING * * *
You feel very sick.
The kobold brigand hits you with a +0 whip.
* * * LOW HITPOINT WARNING * * *
Unknown command.
It was a potion of might.
You feel very mighty all of a sudden.
* * * LOW HITPOINT WARNING * * *
You feel very sick. The kobold brigand closely misses you.
The kobold brigand hits you but does no damage.
Okay, then.
You puncture the kobold brigand! You tail-slap the kobold brigand.
You kill the kobold brigand!
You hear a splash. x2
* * * LOW HITPOINT WARNING * * *
You feel sick.
Your Throwing skill increases to level 3!
You enter the shallow water.
Moving in this stuff is going to be slow.
You die...

≈ ##≈..≈#
#######
##.≈.#
#.≈≈#
#.≈.#
##≈≈≈##
#.≈≈≈.#
#≈###≈#
#.# #.#
##.###@#
#≈≈≈#≈≈≈#
#≈#≈#≈#≈#
#≈#≈#≈ (#
#≈#≈#≈ ≈#
#.#.#. .#
###### ##


There were no monsters in sight!

Vanquished Creatures
  An ogre (D:4)
  A kobold brigand (Sewer)
  A hound (D:4)
  Natasha (thrice) (D:2)
  Robin (D:3)
  3 adders
  A river rat (Sewer)
  3 worms
  2 dart slugs
  7 orcs
  5 endoplasms
  3 giant cockroaches
  12 hobgoblins
  8 kobolds
  3 quokkas
  5 ball pythons
  3 bats
  3 frilled lizards
  16 goblins
  8 rats
89 creatures vanquished.

Notes
Turn   | Place    | Note
-------+----------+-------------------------------------------
     0 | D:1      | southernslant the Draconian Gladiator began the quest for
                  | the Orb.
     0 | D:1      | Reached XP level 1. HP: 17/17 MP: 1/1
    58 | D:1      | Reached XP level 2. HP: 19/25 MP: 2/2
   413 | D:1      | Found a faded altar of an unknown god.
   786 | D:1      | Found Netauguu's Antique Armour Shoppe.
   804 | D:2      | Reached XP level 3. HP: 25/30 MP: 3/3
   924 | D:2      | You fall into a shaft and drop 1 floor!
  1339 | D:2      | Noticed Robin
  1993 | D:2      | Noticed Natasha
  2005 | D:2      | Killed Natasha
  2006 | D:2      | Reached XP level 4. HP: 16/38 MP: 4/4
  2251 | D:2      | Noticed Natasha
  2259 | D:2      | Killed Natasha
  2525 | D:2      | Noticed Natasha
  2531 | D:2      | Killed Natasha
  2532 | D:2      | Reached XP level 5. HP: 46/46 MP: 5/5
  2803 | D:3      | Killed Robin
  3172 | D:4      | Noticed an ogre
  3182 | D:4      | Killed an ogre
  3183 | D:4      | Reached XP level 6. HP: 53/53 MP: 6/6
  3304 | D:4      | Found a glowing drain.
  3321 | Sewer    | Entered a sewer
  4000 | Sewer    | Succumbed to a kobold brigand's poison

Illustrated notes

Levels and vault maps discovered:
D:1:      psy_arrival_terrarium, layout_rooms, serial_shops, shop_statue,
          hellmonk_ecumenical_altar_heavens_door
D:2:      layout_basic, uniq_natasha, uniq_robin
D:3:      layout_rooms
D:4:      layout_basic, portal_sewer_entry_d
Sewer:    sewer_co_tree

Skill      XL: |  1  2  3  4  5  6 |
---------------+-------------------+-----
Throwing       | 2 3 |  3.0
Dodging        | 3 4 |  4.5
Fighting       | 3 4 |  4.7
Polearms       | 4 |  4.1

Action                   |  1- 3 |  4- 6 || total
-------------------------+-------+-------++-------
Melee: Trident           |   145 |   134 ||   279
       Tailslap          |    10 |     9 ||    19
       Punch             |     2 |       ||     2
Throw: Throwing net      |       |     4 ||     4
       Dart              |       |     3 ||     3
Evoke: Wand              |       |     1 ||     1
  Use: Potion            |       |     1 ||     1
 Stab: Sleeping          |     2 |       ||     2
       Held in net/web   |       |     1 ||     1
       Paralysed         |       |     5 ||     5
Armor: Skin              |    37 |    29 ||    66
Dodge: Dodged            |   101 |    97 ||   198

Table legend: (Time is in decaauts)
 A = Elapsed time spent in this place.
 B = Non-inter-level travel time spent in this place.
 C = Inter-level travel time spent in this place.
 D = Time resting spent in this place.
 E = Time spent auto-exploring this place.
 F = Levels seen in this place.
 G = Mean time per level.
                   A        B        C        D        E       F      G
               +--------+--------+--------+--------+--------+-----+--------+
         Total |   4154 |   4074 |     80 |      0 |   3336 |   5 |  830.8 |
       Dungeon |   3364 |   3284 |     80 |      0 |   2714 |   4 |  841.0 |
         Sewer |    789 |    789 |      0 |      0 |    622 |   1 |  789.0 |
               +--------+--------+--------+--------+--------+-----+--------+

Top non-repeatable levels by time:
     D:2: 1577 daAuts
     D:1: 806 daAuts
   Sewer: 789 daAuts
     D:3: 511 daAuts
     D:4: 470 daAuts
